 Dungeon Crawl Stone Soup version 0.31-a0-716-gc7603755dd (webtiles) character file.

Game seed: 7999811262682808006

4434 FIREandBLOOD the Arsonist (level 10, 51/51 HPs)
             Began as a Deep Elf Hexslinger on Sept 1, 2023.
             Was a Follower of Sif Muna.
             Quit the game on level 8 of the Dungeon on Sept 11, 2023.
             The game lasted 01:24:35 (9626 turns).

FIREandBLOOD the Arsonist (Deep Elf Hexslinger)     Turns: 9626, Time: 01:24:35

Health: 51/51      AC:  8    Str:  7    XL:     10   Next: 14%
Magic:  24/24      EV: 13    Int: 21    God:    Sif Muna [*.....]
Gold:   319        SH:  0    Dex: 17    Spells: 18/25 levels left

rFire   . . .        (no weapon)
rCold   . . .        (no shield)
rNeg    . . .        c - +0 robe
rPois   .            l - +0 helmet
rElec   .            x - +0 cloak
rCorr   .            D - +1 pair of gloves
SInv    .            H - +1 pair of boots
Will    +....        (no amulet)
Stlth   ++           (no ring)
HPRegen 0.28/turn    (no ring)
MPRegen 0.19/turn

%: no passive effects
@: no status effects
A: no striking features
a: Renounce Religion, Channel Magic


You were on level 8 of the Dungeon.
You worshipped Sif Muna.
Sif Muna was aware of your devotion.
You visited 3 branches of the dungeon, and saw 10 of its levels.

You collected 415 gold pieces.
You spent 96 gold pieces at shops.

Inventory:

Hand Weapons
 a - a +2 sling of flaming
 z - the +6 whip of Bloody Death {speed, rF+}
   (You found it on level 6 of the Dungeon)

   rF+:       It protects you from fire.
Armour
 c - a +0 robe (worn)
 l - a +0 helmet (worn)
 x - a +0 cloak (worn)
 D - a +1 pair of gloves (worn)
 H - a +1 pair of boots (worn)
Jewellery
 h - an amulet of reflection
 u - a ring of poison resistance
 A - a ring of resist corrosion
Talismans
 y - a maw talisman
Wands
 m - a wand of paralysis (1)
 p - a wand of flame (9)
 B - a wand of polymorph (8)
 C - a wand of mindburst (10)
Scrolls
 b - 3 scrolls of poison
 e - 2 scrolls of vulnerability
 f - 5 scrolls of identify
 i - a scroll of blinking
 t - a scroll of enchant weapon
 v - a scroll of teleportation
 E - a scroll of revelation
 G - a scroll of fog {unknown}
Potions
 d - 2 potions of attraction {unknown}
 g - a potion of might
 j - a potion of brilliance {unknown}
 k - a potion of heal wounds
 n - 2 potions of curing
 o - a potion of resistance {unknown}
 q - 2 potions of ambrosia {unknown}
 r - a potion of cancellation {unknown}
 s - a potion of berserk rage {unknown}
 w - 2 potions of haste {unknown}
 F - a potion of enlightenment {unknown}


   Skills:
 - Level 0.7 Fighting
 + Level 5.0 Ranged Weapons
 - Level 3.2 Dodging
 + Level 8.4 Spellcasting
 - Level 8.9 Conjurations
 - Level 4.0 Hexes
 - Level 9.0 Fire Magic
 + Level 1.7 Air Magic
 - Level 5.3 Poison Magic
 + Level 0.0 Invocations


You had 18 spell levels left.
You knew the following spells:

 Your Spells              Type           Power      Damage    Failure   Level
a - Poisonous Vapours     Pois/Air       46%        N/A       2%          2
c - Sticky Flame          Conj/Fire      46%        2d6       1%          4
q - Slow                  Hex            100%       N/A       1%          1

Your spell library contained the following spells:

 Spells                   Type           Power      Damage    Failure   Level
 Magic Dart               Conj           100%       1d8       1%          1
 Inner Flame              Hex/Fire       36%        N/A       1%          3
 Mephitic Cloud           Conj/Pois/Air  31%        N/A       2%          3
 Ignite Poison            Fire/Tmut/Pois 28%        N/A       3%          3
 Cigotuvi's Dreadful Rot  Necr/Pois/Air  36%        N/A       4%          2
 Ensorcelled Hibernation  Hex/Ice        34%        N/A       4%          2
 Portal Projectile        Hex/Tloc       34%        N/A       10%         3
 Call Imp                 Summ           16%        N/A       12%         2
 Cause Fear               Hex            12%        N/A       14%         4
 Anguish                  Hex/Necr       8%         N/A       32%         4
 Freezing Cloud           Conj/Ice/Air   11%        6-21      43%         5
 Alistair's Intoxication  Tmut/Pois      13%        N/A       56%         5
 Borgnjor's Vile Clutch   Necr/Erth      4%         N/A       91%         5
 Eringya's Noxious Bog    Tmut/Pois      10%        4d6       98%         6
 Ignition                 Fire           23%        3d8       100%        8


Dungeon Overview and Level Annotations

Branches:
Dungeon (8/15)             Temple (1/1) D:6            Lair (1/5) D:8

Altars:
Ashenzari
Cheibriados
Dithmenos
Elyvilon
Fedhas
Gozag
Hepliaklqana
Kikubaaqudgha
Makhleb
Nemelex Xobeh
Okawaru
Qazlal
Ru
Sif Muna
Trog
Uskayaw
Vehumet
Wu Jian
Xom
Yredelemnul
Zin
The Shining One

Shops:
D:3 :!   D:5 ?


Message History

Fire: a) +2 sling (flame)
Press: ? - help, Q - select action, (/) - cycle Shift-Dir - straight line, f/p - warg
Aim: a warg (severely wounded, covered in liquid flames, 72% to hit)
You shoot a sling bullet. The sling bullet hits the warg!
The sling bullet burns the warg.
You kill the warg!
Sif Muna accepts your kill. What are your orders? t - Shout!
Orders for allies: a - Attack new target. r - Retreat! s - Stop attacking. g - Guard the area. f - Follow me.
Anything else - Cancel.
Okay, then.
You start resting.
Magic restored.
Your +2 sling of flaming stops flaming.
You are now empty-handed.
You start resting.
HP restored.
You see here a +1 pair of boots.
H - a +1 pair of boots You start putting on your armour.
You continue putting on your +1 pair of boots. x4
You finish putting on your +1 pair of boots.
Done exploring.
Done exploring.
You see here a +0 robe.
There is a staircase to the Lair here.
You climb downwards.
Welcome to the Lair of Beasts!
The yak bellows! x4
Found 42 gold pieces.
There is a staircase back to the Dungeon here.
The yak bellows!
You climb upwards.
Welcome back to the Dungeon!
There is a staircase to the Lair here.
Okay, then.
Welcome back, FIREandBLOOD the Deep Elf Hexslinger.
Sif Muna whispers: I know many secrets...
Press ? for a list of commands and other information.
Are you sure you want to abandon this character and quit the game? (Confirm with "yes".)

##.## #.# #.........#
##..# #.# #.......###
#..## ###.########.#.[..
#.## ###......# #.#.###
#.####.....#### #.#.#
#.##.........## #.#.#
#.#...........#####.#.###
#.................#.#....
#.......@........[....###
##................###.# #
##.....[..P..#...# #.# #
##......)..##...###.###
###.....####..........
###........#####.###
########## #.... #####


There were no monsters in sight!

Vanquished Creatures
  Pikel (D:7)
  2 hornets
  A wyvern (D:8)
  3 yaks
  A steam dragon (D:6)
  3 wargs (D:8)
  An acid dragon (D:8)
  An orc warrior (D:8)
  An ice beast (D:6)
  A black bear (D:7)
  5 ogres
  3 centaurs
  4 phantoms
  A kobold brigand (D:7)
  A bullfrog (D:5)
  3 howler monkeys (D:7)
  2 jellies
  4 hounds
  2 sleepcaps
  5 orc priests
  5 iguanas
  5 orc wizards
  Robin (D:3)
  4 gnolls
  10 adders
  2 shadow imps (D:5)
  4 ufetubi
  2 worms
  A dart slug (D:2)
  22 orcs
  4 ball pythons
  8 endoplasms
  4 giant cockroaches
  19 goblins
  7 hobgoblins
  10 kobolds
  6 quokkas
  3 bats
  4 frilled lizards
  8 rats
174 creatures vanquished.

Notes
Turn   | Place    | Note
-------+----------+-------------------------------------------
     0 | D:1      | FIREandBLOOD the Deep Elf Hexslinger began the quest for
                  | the Orb.
     0 | D:1      | Reached XP level 1. HP: 11/11 MP: 5/5
   234 | D:1      | Reached XP level 2. HP: 16/16 MP: 3/6
   408 | D:1      | Found a faded altar of an unknown god.
   596 | D:1      | Reached XP level 3. HP: 20/20 MP: 8/8
  1072 | D:2      | Reached XP level 4. HP: 23/24 MP: 10/10
  1077 | D:2      | Learned a level 4 spell: Sticky Flame
  1116 | D:2      | Found a snail-covered altar of Cheibriados.
  1453 | D:2      | Reached skill level 1 in Conjurations
  1453 | D:2      | Reached skill level 1 in Fire Magic
  1537 | D:3      | Noticed Robin
  1592 | D:3      | Found Cuqeb's Book Shop.
  1652 | D:3      | Killed Robin
  1653 | D:3      | Reached XP level 5. HP: 26/28 MP: 12/12
  2021 | D:3      | Found Oppaskih's Distillery.
  2046 | D:3      | Bought a potion of heal wounds for 60 gold pieces
  2046 | D:3      | Bought a potion of curing for 36 gold pieces
  2146 | D:3      | Reached skill level 2 in Fire Magic
  2511 | D:3      | Reached XP level 6. HP: 33/33 MP: 14/14
  2609 | D:3      | Reached skill level 3 in Fire Magic
  3621 | D:4      | Reached skill level 5 in Ranged Weapons
  4143 | D:5      | Entered Level 5 of the Dungeon
  4260 | D:5      | Reached skill level 4 in Fire Magic
  4340 | D:5      | Reached XP level 7. HP: 37/37 MP: 15/15
  4503 | D:5      | Found Seasif's Magic Scroll Boutique.
  4823 | D:5      | Reached skill level 5 in Conjurations
  4823 | D:5      | Reached skill level 5 in Fire Magic
  4899 | D:5      | Reached skill level 5 in Spellcasting
  5082 | D:5      | Reached XP level 8. HP: 33/42 MP: 17/17
  5218 | D:5      | Reached skill level 6 in Fire Magic
  5732 | D:6      | Found a staircase to the Ecumenical Temple.
  5774 | D:6      | Upgraded the game from 0.31-a0-662-g684573625c to
                  | 0.31-a0-664-g902f515a81
  6008 | D:6      | Reached skill level 7 in Fire Magic
  6171 | Temple   | Entered the Ecumenical Temple
  6287 | Temple   | Upgraded the game from 0.31-a0-664-g902f515a81 to
                  | 0.31-a0-672-g7da72447bb
  6411 | Temple   | Became a worshipper of Sif Muna the Loreminder
  6725 | D:6      | Identified the +6 whip of Bloody Death {speed, rF+}
  6726 | D:6      | Found a glowing silver altar of Zin.
  6734 | D:6      | Found an ornate altar of the Wu Jian Council.
  6735 | D:6      | Found an opulent altar of Gozag.
  6735 | D:6      | Found an ancient bone altar of Kikubaaqudgha.
  6735 | D:6      | Found a blossoming altar of Fedhas.
  6737 | D:6      | Found a burning altar of Makhleb.
  6739 | D:6      | Found a white marble altar of Elyvilon.
  6918 | D:7      | Noticed a hornet
  6940 | D:7      | Learned a level 2 spell: Poisonous Vapours
  6950 | D:7      | Killed a hornet
  6951 | D:7      | Reached skill level 1 in Poison Magic
  6951 | D:7      | Reached XP level 9. HP: 31/46 MP: 6/20
  7057 | D:7      | Identified the +2 robe "Zahy" {Drain Dex+2 SInv}
  7118 | D:7      | Noticed Pikel
  7131 | D:7      | Killed Pikel
  7268 | D:7      | Reached skill level 8 in Fire Magic
  8541 | D:7      | Reached skill level 9 in Fire Magic
  8832 | D:8      | Reached XP level 10. HP: 34/51 MP: 14/23
  9022 | D:8      | Reached skill level 5 in Poison Magic
  9067 | D:8      | Noticed a two-headed ogre
  9091 | D:8      | Reached skill level 1 in Air Magic
  9096 | D:8      | Reached * piety under Sif Muna
  9449 | D:8      | Found a staircase to the Lair.
  9623 | Lair:1   | Entered Level 1 of the Lair of Beasts
  9626 | D:8      | Upgraded the game from 0.31-a0-672-g7da72447bb to
                  | 0.31-a0-716-gc7603755dd
  9626 | D:8      | Quit the game

Illustrated notes

Levels and vault maps discovered:
D:1:      lightli_arrival_boilingwater, layout_loops_ring,
          chequers_ecumenical_altar_island
D:2:      layout_rooms, basic_altar, minmay_misc_feat_rugged
D:3:      wad_lake_hut, layout_basic, serial_shops, nicolae_book_shop_shelving,
          nicolae_lakefront_shop, kennysheep_generic_room_10, uniq_robin
D:4:      layout_basic
D:5:      kb_forest_paths, layout_basic, serial_shops, shop
D:6:      layout_rooms, minitemple, temple_doors_e, kennysheep_dice
D:7:      layout_basic, uniq_pikel
D:8:      layout_basic, erik_lair_orcish_takeover
Temple:   nicolae_temple_bog_church
Lair:1:   minmay_lair_oklob_chamber, layout_small_grid, minivault_11,
          grunt_megastairs_1, infiniplex_staircase_pool_2

Skill      XL: |  1  2  3  4  5  6  7  8  9 10 |
---------------+-------------------------------+-----
Ranged Weapons | 3 4 5 |  5.0
Spellcasting   | 2 3 4 5 6 7 8 |  8.4
Dodging        | 3 |  3.2
Conjurations   | 1 2 4 5 7 8 |  8.9
Fire Magic     | 1 2 4 5 7 9 |  9.0
Poison Magic   | 1 4 5 |  5.3
Air Magic      | 1 |  1.7
Fighting       | |  0.7
Hexes          | |  4.0

Action                     |  1- 3 |  4- 6 |  7- 9 | 10-12 || total
---------------------------+-------+-------+-------+-------++-------
  Melee: Sling             |       |       |       |     1 ||     1
   Fire: Sling             |    91 |   308 |   199 |    12 ||   610
   Cast: Slow              |    20 |    23 |    21 |     2 ||    66
         Poisonous Vapours |       |       |    32 |    10 ||    42
         Sticky Flame      |       |       |    25 |     6 ||    31
  Evoke: Wand              |       |       |     8 |       ||     8
    Use: Potion            |       |     1 |     2 |     1 ||     4
         Scroll            |       |     6 |     4 |       ||    10
 Armour: Robe              |    17 |    51 |    82 |    14 ||   164
  Dodge: Dodged            |    29 |    80 |    79 |    12 ||   200
  Block: Other             |     5 |    30 |    17 |       ||    52

Table legend: (Time is in decaauts)
 A = Elapsed time spent in this place.
 B = Non-inter-level travel time spent in this place.
 C = Inter-level travel time spent in this place.
 D = Time resting spent in this place.
 E = Time spent auto-exploring this place.
 F = Levels seen in this place.
 G = Mean time per level.
                   A        B        C        D        E       F      G
               +--------+--------+--------+--------+--------+-----+--------+
         Total |   9783 |   9285 |    498 |   1987 |   3639 |  10 |  978.3 |
       Dungeon |   9525 |   9027 |    498 |   1987 |   3639 |   8 | 1190.6 |
        Temple |    256 |    256 |      0 |      0 |      0 |   1 |  256.0 |
          Lair |      1 |      1 |      0 |      0 |      0 |   1 |    1.0 |
               +--------+--------+--------+--------+--------+-----+--------+

Top non-repeatable levels by time:
     D:5: 1521 daAuts
     D:3: 1517 daAuts
     D:7: 1459 daAuts
     D:8: 1365 daAuts
     D:4: 1154 daAuts
     D:1: 919 daAuts
     D:6: 904 daAuts
     D:2: 684 daAuts
  Temple: 256 daAuts
  Lair:1: 1 daAuts
